AoeStats
← AiM | Facu1414

Arena

505586262Analyzed
4v4 RM · 21d ago on Sep 10, 2026· 37m 47s· 8 players
Game mode
Random Map
Map size
Large (8 player)
Population
200
Speed
Normal
Resources
Standard
Victory
Conquest
Starting age
Dark Age
Ending age
Imperial Age
RankedLock teamsTeams togetherTeam positionsShared explorationLock speedFull tech treeHidden civsTurbo modeCheats
Victory
Defeat
🇲🇽 Teutons · Mexico
1710
+8
🇦🇷 Cumans · Argentina
1579
+13
🇦🇷 Persians · Argentina
1541
+14
🇨🇱 Italians · Chile
1467
+18
🇨🇳 Burmese · China
1549
-15
🇲🇽 Persians · Mexico
1534
-14
1499
-13
🇳🇿 Lithuanians · New Zealand
1452
-11
[GDL] Perro del Mal
10:50 Feudal Age
14:29 Castle Age
12:22 Double-Bit Axe
12:24 Horse Collar
13:47 Bloodlines
14:15 Scale Barding Armor
23:01 Bow Saw
23:28 Wheelbarrow
23:02 Heavy Plow
26:34 Chain Barding Armor
26:53 Forging
28:50 Iron Casting
28:55 Gold Mining
30:39 Husbandry
31:14 Hand Cart
33:41 Imperial Age
33:27 Cavalier
35:09 Blast Furnace
33:37 Capped Ram
35:22 Plate Barding Armor
34:54 Savar
[CANTINAMX] | Vintar Khan
0:27 Loom
9:35 Feudal Age
14:14 Castle Age
14:14 Double-Bit Axe
19:02 Town Watch
21:16 Fletching
22:55 Fortified Wall
23:07 Ballistics
25:21 Padded Archer Armor
25:21 Bodkin Arrow
28:46 Wheelbarrow
29:42 Padded Archer Armor
32:35 Imperial Age
30:32 Murder Holes
30:49 Masonry
31:07 Scale Mail Armor
31:08 Gold Mining
32:01 Pikeman
32:41 Squires
33:35 Bracer
34:39 Chemistry
33:57 Hand Cart
33:47 Great Wall
34:39 Capped Ram
mmmbokchoi
10:24 Feudal Age
14:40 Castle Age
12:26 Double-Bit Axe
15:48 Bow Saw
15:20 Horse Collar
22:20 Wheelbarrow
21:32 Loom
21:33 Town Watch
23:06 Gold Mining
23:18 Heavy Plow
24:08 Fletching
30:05 Hand Cart
33:54 Imperial Age
31:31 Scale Barding Armor
31:34 Husbandry
32:10 Bloodlines
32:11 Forging
32:46 Chain Barding Armor
32:44 Light Cavalry
34:41 Iron Casting
33:58 Cavalier
36:13 Two-Man Saw
36:06 Conscription
36:35 Plate Barding Armor
36:12 Paladin
Alita
10:47 Feudal Age
10:35 Loom
15:23 Castle Age
23:32 Horse Collar
32:16 Stone Mining
34:25 Wheelbarrow
38:50 Imperial Age
AiM | CyclopsTron
6:00 Loom
8:28 Feudal Age
9:15 Double-Bit Axe
11:15 Fletching
23:10 Castle Age
23:21 Horse Collar
24:12 Bow Saw
23:59 Town Watch
26:56 Wheelbarrow
28:19 Gold Mining
35:16 Imperial Age
32:47 Scale Mail Armor
33:17 Squires
32:43 Pikeman
34:20 Chain Mail Armor
37:09 Plate Mail Armor
36:33 Halberdier
38:35 Forging
AiM | Facu1414
6:14 Loom
9:20 Feudal Age
9:52 Double-Bit Axe
9:49 Horse Collar
13:00 Wheelbarrow
20:42 Castle Age
18:52 Gold Mining
19:23 Bloodlines
19:31 Scale Barding Armor
19:58 Forging
21:52 Chain Barding Armor
22:08 Iron Casting
23:06 Bow Saw
23:32 Gold Shaft Mining
23:55 Town Watch
24:54 Hand Cart
25:00 Hand Cart
24:49 Heavy Plow
33:58 Imperial Age
31:26 Stone Mining
32:22 Town Patrol
32:21 Fletching
33:25 Bodkin Arrow
34:00 Cavalier
35:15 Plate Barding Armor
35:41 Blast Furnace
35:48 Two-Man Saw
36:45 Paladin
AIM | Agua cate 98
11:33 Feudal Age
14:56 Castle Age
12:47 Double-Bit Axe
12:51 Horse Collar
14:38 Gold Mining
15:48 Bow Saw
17:04 Loom
23:44 Wheelbarrow
23:31 Bloodlines
25:09 Scale Barding Armor
25:57 Forging
26:47 Heavy Plow
27:40 Hand Cart
30:57 Imperial Age
28:35 Husbandry
29:25 Chain Barding Armor
29:41 Iron Casting
31:43 Gold Shaft Mining
31:14 Cavalier
33:33 Blast Furnace
33:08 Plate Barding Armor
33:55 Chemistry
32:46 Heated Shot
34:19 Coinage
34:32 Conscription
34:35 Savar
AiM | shona
10:31 Feudal Age
14:35 Castle Age
12:47 Double-Bit Axe
13:04 Horse Collar
13:50 Gold Mining
15:47 Bow Saw
18:15 Fletching
22:11 Bodkin Arrow
22:43 Town Watch
25:13 Stone Mining
25:25 Padded Archer Armor
29:04 Imperial Age
28:42 Heavy Plow
30:47 Chemistry
31:34 Bracer
32:52 Wheelbarrow
33:22 Crop Rotation
33:02 Loom
35:24 Stone Shaft Mining
36:26 Masonry
36:37 Ballistics
Connection lost

Rejoining the realm…

Still unreachable

The connection could not be restored.

Session expired

The server has moved on; the page needs a fresh start.